 Dungeon Crawl Stone Soup version 0.31.0-32-g396128a36d (webtiles) character file.

Game seed: 7826922811342580753

464 gohu the Magician (level 7, -1/45 HPs)
             Began as a Djinni Fire Elementalist on Mar 13, 2024.
             Slain by an orc priest
             ... wielding a +0 short sword
              (4 damage)
             ... on level 4 of the Dungeon.
             The game lasted 00:06:05 (2733 turns).

gohu the Magician (Djinni Fire Elementalist)        Turns: 2733, Time: 00:06:05

Health: -1/45      AC:  2    Str:  7    XL:     7   Next: 29%
Gold:   91         EV: 12    Int: 19    God:
                   SH:  0    Dex: 13

rFire   + + +        h - staff of fire
rCold   x . .        (no shield)
rNeg    . . .        a - +0 robe
rPois   ∞            (no helmet)
rElec   .            (no cloak)
rCorr   .            (no gloves)
SInv    .            (boots unavailable)
Will    .....        (no amulet)
Stlth   ++           (no ring)
HPRegen 0.27/turn    (no ring)
MPRegen 0.00/turn

%: infuse magic (-2 HP)
@: flying, very slightly contaminated
A: sickness immunity, fire resistance 2, cold vulnerability 1, float, innate
caster, HP casting, extra vitality 1
a: no special abilities


You were on level 4 of the Dungeon.
You visited 1 branch of the dungeon, and saw 4 of its levels.

You collected 174 gold pieces.
You spent 83 gold pieces at shops.

Inventory:

Armour
 a - a +0 robe (worn)
 j - the +3 ring mail of Tuamix {Harm Str+3 Dex+2 Stlth+}
   (You found it on level 2 of the Dungeon)

   Str+3:     It affects your strength (+3).
   Dex+2:     It affects your dexterity (+2).
   Harm:      It increases damage dealt and taken.
   Stlth+:    It makes you more stealthy.
Magical Staves
 h - a staff of fire (weapon)
Scrolls
 b - 6 scrolls of identify {unknown}
 c - a scroll of revelation {unknown}
 d - 6 scrolls of teleportation {unknown}
 e - a scroll of vulnerability {unknown}
 i - a scroll of blinking {unknown}
 k - a scroll of fog {unknown}
 l - 3 scrolls of enchant armour {unknown}
 m - a scroll of immolation {unknown}
 o - a scroll of amnesia {unknown}
 q - a scroll of poison {unknown}
Potions
 f - a potion of lignification {unknown}
 g - a potion of enlightenment {unknown}
 n - a potion of degeneration {unknown}
 p - 2 potions of curing {unknown}


   Skills:
 - Level 2.1 Dodging
 - Level 1.5 Stealth
 * Level 6.4 Spellcasting
 * Level 6.4 Conjurations
 * Level 6.4 Hexes
   Level 0.0 Charms
 * Level 6.4 Summonings
 * Level 6.4 Necromancy
 * Level 6.4 Translocations
   Level 0.0 Transmutations
 * Level 6.4 Fire Magic
 * Level 6.4 Ice Magic
 * Level 6.4 Air Magic
 * Level 6.4 Earth Magic
 * Level 6.4 Alchemy


You knew the following spells:

 Your Spells              Type           Power      Damage    Failure   Level
a - Foxfire               Conj/Fire      100%       2x1d9     1%          1
b - Scorch                Fire           90%        2d8       1%          2
c - Flame Wave            Conj/Fire      45%        2d12      8%          4
d - Inner Flame           Hex/Fire       45%        N/A       2%          3
e - Volatile Blastmotes   Fire/Tloc      90%        2d17      2%          3
f - Necrotise             Necr           100%       1d9       1%          1
g - Static Discharge      Conj/Air       60%        3-6/arc   1%          2
h - Frozen Ramparts       Ice            60%        1d10      2%          3
Your spell library was empty.

Dungeon Overview and Level Annotations

Branches:
Dungeon (4/15)
 Temple: D:4-7

Altars:

Shops:
D:3 *

Annotations:
D:4 1 runed translucent door, FarmingIce's ghost, amateur VSFi


Innate Abilities, Weirdness & Mutations

You are immune to sickness and miasma.
You are immune to poison.
Your flesh is very heat resistant. (rF++)
You are vulnerable to cold. (rC-)
You float through the air rather than walking.
You learn spells naturally, not from books.
Your magical power is your life essence.
You have superior vitality. (+4 MHP)


Message History

Casting: Flame Wave (quite dangerous; 8% risk of failure)
Confirm with . or Enter, or press ? or * to list all spells.
Casting: Flame Wave (quite dangerous; 8% risk of failure)
Press: ? - help, Dir - look around, f - activate You feel a surge of power!
You miscast Flame Wave.
You are very lightly contaminated with residual magic.
Nothing appears to happen.
* * * LOW HITPOINT WARNING * * *
The orc priest barely misses you.
The orc priest hits you with a +0 short sword.
* * * LOW HITPOINT WARNING * * *
The orc priest completely misses you.
Casting: Flame Wave (quite dangerous; 8% risk of failure)
Confirm with . or Enter, or press ? or * to list all spells.
Casting: Flame Wave (quite dangerous; 8% risk of failure)
Press: ? - help, Dir - look around, f - activate
Okay, then.
Casting: Flame Wave (quite dangerous; 8% risk of failure)
Confirm with . or Enter, or press ? or * to list all spells.
Casting: Flame Wave (quite dangerous; 8% risk of failure)
Press: ? - help, Dir - look around, f - activate You feel a surge of power!
A wave of flame ripples out!
The flame wave engulfs the orc priest.
The orc priest is moderately wounded.
The flame wave engulfs the orc!
The orc resists.
You kill the orc! (Press . to intensify the flame waves.)
* * * LOW HITPOINT WARNING * * *
The orc priest barely misses you.
A wave of flame ripples out!
The flame wave engulfs the orc priest!
The orc priest is almost dead.
* * * LOW HITPOINT WARNING * * *
The orc priest closely misses you.
A wave of flame ripples out!
The flame wave engulfs the orc priest.
The orc priest is almost dead.
* * * LOW HITPOINT WARNING * * *
You finish channelling waves of flame.
You hear a shout!
The orc priest hits you with a +0 short sword.
You die...

...#
###..............
...# ###.........#
...# ##......###
...# #........####.
...#
##.............
...# ##............
..## ##
##........... ..#
##.###............
..#
##...#.@.######....
.## ##.....o)##
.... .# #......)##
##< ## ##....)...##
# #..........#
#...........#
#.........v##
#..........#
.......###.#


You could see an orc priest.

Vanquished Creatures
  Sigmund (D:2)
  A bombardier beetle (D:3)
  A gnoll bouda (D:4)
  2 orc priests
  An orc wizard (D:3)
  An iguana (D:4)
  An adder (D:2)
  5 gnolls (D:4)
  A dart slug (D:3)
  4 ribbon worms
  5 orcs
  6 bats
  5 endoplasms
  3 giant cockroaches
  3 goblins
  6 hobgoblins
  6 jackals
  8 kobolds
  A quokka (D:3)
  6 ball pythons
  3 frilled lizards
  7 rats
77 creatures vanquished.

Vanquished Creatures (others)
  159 foxfires
159 creatures vanquished.

Grand Total: 236 creatures vanquished

Notes
Turn   | Place    | Note
-------+----------+-------------------------------------------
     0 | D:1      | gohu the Djinni Fire Elementalist began the quest for the
                  | Orb.
     0 | D:1      | gohu set off with the following spells memorised: Foxfire,
                  | Scorch, Volatile Blastmotes, Inner Flame, Flame Wave.
     0 | D:1      | Reached XP level 1. HP: 15/15 MP: 0/0
    92 | D:1      | Reached XP level 2. HP: 10/21 MP: 0/0
   286 | D:1      | Reached XP level 3. HP: 18/25 MP: 0/0
   286 | D:1      | Learned a level 1 spell: Necrotise
   321 | D:1      | You are sucked into a shaft and drop 1 floor!
   771 | D:1      | Reached XP level 4. HP: 30/31 MP: 0/0
   978 | D:2      | Noticed Sigmund
   986 | D:2      | Killed Sigmund
   987 | D:2      | Reached skill level 5 in Spellcasting
   987 | D:2      | Reached skill level 5 in Conjurations
   987 | D:2      | Reached skill level 5 in Hexes
   987 | D:2      | Reached skill level 5 in Summonings
   987 | D:2      | Reached skill level 5 in Necromancy
   987 | D:2      | Reached skill level 5 in Translocations
   987 | D:2      | Reached skill level 5 in Fire Magic
   987 | D:2      | Reached skill level 5 in Ice Magic
   987 | D:2      | Reached skill level 5 in Air Magic
   987 | D:2      | Reached skill level 5 in Earth Magic
   987 | D:2      | Reached skill level 5 in Alchemy
   987 | D:2      | Reached XP level 5. HP: 15/35 MP: 0/0
   987 | D:2      | Learned a level 2 spell: Static Discharge
   987 | D:2      | Reached XP level 6. HP: 18/40 MP: 0/0
  1307 | D:2      | Identified the +3 ring mail of Tuamix {Harm Str+3 Dex+2
                  | Stlth+}
  2117 | D:3      | Found Itanaqamn's Assorted Antiques.
  2124 | D:3      | Bought a scroll labelled MOUXEH XURROEG for 17 gold pieces
  2124 | D:3      | Bought a scroll labelled MOUXEH XURROEG for 17 gold pieces
  2124 | D:3      | Bought a scroll labelled ALULOI NIAD for 17 gold pieces
  2124 | D:3      | Bought a scroll labelled MOUXEH XURROEG for 17 gold pieces
  2124 | D:3      | Bought a lumpy clear potion for 15 gold pieces
  2332 | D:4      | Identified the +7 scimitar of Disorder {antimagic, rF+}
  2426 | D:4      | Found a runed translucent door.
  2432 | D:4      | Noticed FarmingIce's ghost (amateur VSFi)
  2466 | D:4      | Reached XP level 7. HP: 43/45 MP: 0/0
  2466 | D:4      | Learned a level 3 spell: Frozen Ramparts
  2733 | D:4      | Slain by an orc priest

Illustrated notes

Levels and vault maps discovered:
D:1:      scummos_arrival_forest, layout_basic, minmay_misc_feat_secret_circle,
          serial_bayou_pond_c
D:2:      layout_loops_ring, uniq_sigmund
D:3:      layout_basic, serial_shops, nicolae_shop_overgrown_old_shop,
          interstate_on_off, st_stairs_2, minmay_misc_feat_square
D:4:      cheibrodos_pilgrimage, layout_cave_pods,
          ebering_ghost_reflecting_pool, kennysheep_generic_room_11

Skill      XL: |  1  2  3  4  5  6 |
---------------+-------------------+-----
Spellcasting   | 4 5 6 |  6.4
Conjurations   | 4 5 6 |  6.4
Hexes          | 4 5 6 |  6.4
Summonings     | 4 5 6 |  6.4
Necromancy     | 4 5 6 |  6.4
Translocations | 4 5 6 |  6.4
Fire Magic     | 4 5 6 |  6.4
Ice Magic      | 4 5 6 |  6.4
Air Magic      | 4 5 6 |  6.4
Earth Magic    | 4 5 6 |  6.4
Alchemy        | 4 5 6 |  6.4
Dodging        | |  2.1
Stealth        | |  1.5

Action                     |  1- 3 |  4- 6 |  7- 9 || total
---------------------------+-------+-------+-------++-------
   Cast: Foxfire           |    52 |    39 |    12 ||   103
         Scorch            |     7 |    15 |     1 ||    23
         Volatile Blastmot |       |     3 |     5 ||     8
         Flame Wave        |       |     1 |     1 ||     2
 Armour: Robe              |     3 |    13 |     9 ||    25
  Dodge: Dodged            |     7 |     4 |     6 ||    17
